 Dungeon Crawl Stone Soup version 0.30-a0-883-g5ad918d77d (webtiles) character file.

Game seed: 18408366620299349256

600 avis the Ruffian (level 6, -2/48 HPs)
             Began as a Demigod Transmuter on Mar 16, 2023.
             Succumbed to a water moccasin's poison
             ... on level 5 of the Dungeon.
             The game lasted 00:27:05 (4896 turns).

avis the Ruffian (Demigod Transmuter)               Turns: 4896, Time: 00:27:06

Health: -2/48      AC:  2    Str: 19    XL:     6   Next: 96%
Magic:  12/12      EV: 19    Int: 15    God:
Gold:   314        SH:  0    Dex: 19    Spells: 4/10 levels left

rFire   . . .      SeeInvis +      - Unarmed
rCold   . . .      Faith    .    (shield currently unavailable)
rNeg    . . .      Spirit   .    a - melded +0 robe
rPois   x          Reflect  .    (helmet currently unavailable)
rElec   .          Rampage  .    (cloak currently unavailable)
rCorr   .                        A - melded +0 pair of gloves
Will    .....                    (boots currently unavailable)
Stlth   +                        (no amulet)
HPRegen 0.28/turn                q - ring of see invisible
MPRegen 0.13/turn                (no ring)

@: confused, lethally poisoned (-2 -> -45), spider-form (expiring),
ambrosia-drunk
A: venomous fangs, tiny, high MP 1, forlorn, divine attributes
a: End Transformation


You were on level 5 of the Dungeon.
You were a venomous arachnid creature.
You visited 2 branches of the dungeon, and saw 6 of its levels.

You collected 314 gold pieces.

Inventory:

Hand Weapons
 b - a +2 sling of freezing
 f - a +0 shortbow
 j - a +2 dagger of freezing
 w - a +1 dagger of venom
Missiles
 r - 10 poisoned darts
Armour
 a - a +0 robe (melded)
 v - a +0 pair of boots
 A - a +0 pair of gloves (melded)
Jewellery
 q - a ring of see invisible (left front pincers)
 D - a ring of fire
Wands
 C - a wand of paralysis (8)
Scrolls
 c - 2 scrolls of fog {unknown}
 d - a scroll of enchant armour {unknown}
 g - 2 scrolls of silence {unknown}
 i - 2 scrolls of torment {unknown}
 k - a scroll of acquirement {unknown}
 m - a scroll of noise {unknown}
 n - 4 scrolls of identify {unknown}
 y - 3 scrolls of fear {unknown}
 E - a scroll of teleportation {unknown}
Potions
 e - a potion of invisibility {unknown}
 h - a potion of might {unknown}
 l - a potion of ambrosia
 o - 2 potions of magic {unknown}
 p - 2 potions of lignification
 s - a potion of attraction {unknown}
 t - a potion of mutation {unknown}
 z - 2 potions of haste {unknown}
 B - a potion of cancellation {unknown}


   Skills:
 - Level 2.0 Fighting
 - Level 2.0 Dodging
 - Level 2.0 Stealth
 - Level 6.0 Unarmed Combat
 * Level 2.6 Spellcasting
 - Level 3.0 Transmutations
 - Level 1.0 Poison Magic


You had 4 spell levels left.
You knew the following spells:

 Your Spells              Type           Power      Damage    Failure   Level
a - Beastly Appendage     Tmut           20%        N/A       17%         1
e - Wereblood             Tmut           10%        N/A       24%         2
p - Spider Form           Tmut/Pois      7%         N/A       50%         3

Your spell library contained the following spells:

 Spells                   Type           Power      Damage    Failure   Level
 Apportation              Tloc           2%         N/A       43%         1
 Freeze                   Ice            4%         1d3       43%         1
 Necrotise                Necr           4%         1d4       43%         1
 Summon Small Mammal      Summ           4%         N/A       43%         1
 Sublimation of Blood     Necr           1%         N/A       54%         2
 Frozen Ramparts          Ice            2%         1d1       75%         3
 Hailstorm                Conj/Ice       1%         3d3       75%         3
 Ice Form                 Ice/Tmut       6%         N/A       89%         4
 Summon Hydra             Summ           0%         N/A       100%        7


Dungeon Overview and Level Annotations

Branches:
Dungeon (5/15)             Temple (1/1) D:5

Annotations:
D:5 3 runed translucent doors


Innate Abilities, Weirdness & Mutations

You are a venomous arachnid creature.
You have venomous fangs.
You are tiny and dextrous.
Your spellcasting is less reliable in this form.
Your armour is entirely melded.
You are incapable of wielding weapons or throwing items.
You have an increased reservoir of magic. (+10% MP)
You shall have no god before yourself.
Your divine heritage dramatically boosts your attributes as you level up.


Message History

Casting: Spider Form (quite dangerous; 28% risk of failure)
Confirm with . or Enter, or press ? or * to list all spells.
The spell is quite dangerous to miscast (28% risk of failure)!
Continue anyway?
You turn into a venomous arachnid creature.
Your +0 pair of gloves melds into your body.
Your +0 robe melds into your body.
Found a stone staircase leading down.
The water moccasin hisses angrily.
You hit the water moccasin.
The water moccasin is lightly wounded.
The water moccasin bites you.
You are poisoned.
The water moccasin poisons you! The water moccasin closely misses you.
You completely miss the water moccasin.
The water moccasin is lightly wounded.
You feel very sick. The water moccasin bites you.
You are lethally poisoned!
The water moccasin poisons you!
You hit the water moccasin but do no damage.
The water moccasin is lightly wounded.
You feel extremely sick. The water moccasin bites you.
You are more poisoned.
The water moccasin poisons you!
You hit the water moccasin.
The water moccasin is moderately wounded.
* * * LOW HITPOINT WARNING * * *
You feel extremely sick. The water moccasin closely misses you.
You bite the water moccasin!
The water moccasin is poisoned.
The water moccasin is severely wounded.
* * * LOW HITPOINT WARNING * * *
You feel extremely sick. The water moccasin barely misses you.
It was a potion of ambrosia.
You are confused.
You feel invigorated.
Your transformation is almost over.
You die...

##############
#............#
#s#########..#
## #....S.#
##...####.
#####
#.#...#.#
#.........
####...#
....#>##
##...####.
.....#.# ##.##
# ##.## ##
####...# #.#
#.# # ##.##
#.# #.# # #.#
#.# ##+######
#.# #.#
##...#<...


You could see a water moccasin (very poisoned).

Vanquished Creatures
  A black bear (D:5)
  A centaur (D:5)
  A phantom (D:3)
  A scorpion (D:5)
  A hound (D:4)
  3 orc priests
  2 orc wizards
  An adder (D:3)
  A shadow imp (D:5)
  A worm (D:2)
  4 dart slugs
  19 orcs
  5 ball pythons
  8 endoplasms
  3 giant cockroaches
  8 goblins
  5 hobgoblins
  4 jackals (D:1)
  A quokka (D:3)
  6 bats
  4 frilled lizards
  8 kobolds
  6 rats
94 creatures vanquished.

Vanquished Creatures (others)
  A plant (D:2)
1 creature vanquished.

Grand Total: 95 creatures vanquished

Notes
Turn   | Place    | Note
-------+----------+-------------------------------------------
     0 | D:1      | avis the Demigod Transmuter began the quest for the Orb.
     0 | D:1      | Reached XP level 1. HP: 15/15 MP: 5/5
    43 | D:1      | Reached skill level 3 in Unarmed Combat
   241 | D:1      | Reached XP level 2. HP: 14/22 MP: 4/7
   759 | D:2      | Reached XP level 3. HP: 23/27 MP: 8/8
   841 | D:2      | Reached skill level 4 in Unarmed Combat
   929 | D:2      | Reached skill level 1 in Fighting
  1919 | D:3      | Reached XP level 4. HP: 36/36 MP: 9/9
  1938 | D:3      | Learned a level 2 spell: Wereblood
  1942 | D:3      | Learned a level 3 spell: Spider Form
  2179 | D:3      | Reached skill level 5 in Unarmed Combat
  2305 | D:3      | Reached XP level 5. HP: 41/41 MP: 10/10
  3073 | D:4      | Reached skill level 6 in Unarmed Combat
  3076 | D:4      | Reached XP level 6. HP: 31/48 MP: 11/11
  3379 | D:4      | Reached skill level 1 in Stealth
  3839 | D:5      | Entered Level 5 of the Dungeon
  4015 | D:5      | Found a staircase to the Ecumenical Temple.
  4021 | Temple   | Entered the Ecumenical Temple
  4323 | D:5      | Reached skill level 1 in Poison Magic
  4652 | D:5      | Found a runed translucent gate.
  4652 | D:5      | Found a runed translucent gate.
  4652 | D:5      | Found a runed translucent gate.
  4885 | D:5      | Noticed a water moccasin
  4895 | D:5      | HP: 2/48 [poisoned by a water moccasin]
  4896 | D:5      | Succumbed to a water moccasin's poison

Illustrated notes

Levels and vault maps discovered:
D:1:      psy_arrival_radial01, layout_basic
D:2:      layout_basic, shapermc_ecumenical_altar_petra
D:3:      layout_loops_ring
D:4:      layout_loops_ring, nicolae_qazlal_general_emergency,
          mainiacjoe_overflow_brackets, trog_butcher_becter, dk_noncrumbling_2
D:5:      layout_loops_corners, minmay_temple_entry_enclosed_plants,
          gammafunk_ghost_icy
Temple:   dpeg_three_leaves_temple

Skill      XL: |  1  2  3  4  5  6 |
---------------+-------------------+-----
Unarmed Combat | 3 4 5 6 |  6.0
Fighting       | 2 |  2.0
Dodging        | 2 |  2.0
Stealth        | 2 |  2.0
Spellcasting   | 2 |  2.6
Transmutations | 3 |  3.0
Poison Magic   | 1 |  1.0

Action                     |  1- 3 |  4- 6 || total
---------------------------+-------+-------++-------
  Melee: Unarmed           |    86 |    93 ||   179
         Kick              |    19 |    25 ||    44
         Headbutt          |     8 |     7 ||    15
         Punch             |     1 |     2 ||     3
   Fire: Sling             |     9 |    68 ||    77
   Cast: Beastly Appendage |    24 |    22 ||    46
         Spider Form       |       |     2 ||     2
    Use: Potion            |       |     1 ||     1
   Stab: Sleeping          |     3 |     1 ||     4
 Armour: Robe              |    13 |    10 ||    23
         Skin              |       |     2 ||     2
  Dodge: Dodged            |    41 |    56 ||    97

Table legend: (Time is in decaauts)
 A = Elapsed time spent in this place.
 B = Non-inter-level travel time spent in this place.
 C = Inter-level travel time spent in this place.
 D = Time resting spent in this place.
 E = Time spent auto-exploring this place.
 F = Levels seen in this place.
 G = Mean time per level.
                   A        B        C        D        E       F      G
               +--------+--------+--------+--------+--------+-----+--------+
         Total |   4888 |   4414 |    474 |    671 |   2714 |   6 |  814.7 |
       Dungeon |   4881 |   4407 |    474 |    671 |   2714 |   5 |  976.2 |
        Temple |      7 |      7 |      0 |      0 |      0 |   1 |    7.0 |
               +--------+--------+--------+--------+--------+-----+--------+

Top non-repeatable levels by time:
     D:3: 1097 daAuts
     D:2: 1008 daAuts
     D:4: 981 daAuts
     D:5: 950 daAuts
     D:1: 843 daAuts
  Temple: 7 daAuts
